Map: Old Republic LE

Players

llllllllllll - Winner!

  • Race: Terran Terran
  • League: Platinum
  • Spawn Location: 1:00

PrinceAbubu

  • Race: Zerg Zerg
  • League: Diamond
  • Spawn Location: 7:00

VOD

Have the link to the VOD?

Description

Time

  • Played on: Dec. 4, 2025, 10:43 a.m.
  • Length: 16:09
Show
View Real Time Build Order
Export as new Build Order

llllllllllll Terran - Winner!

Build Orders: Hellion Opening 

Get SALT Encoding   

  12  0:00  SCV  
  13  0:12  SCV  
  14  0:17  Supply Depot  
  14  0:24  SCV  
  15  0:29  Refinery  
  15  0:41  Barracks  
  15  0:44  SCV  
  16  0:56  SCV  
  17  1:08  SCV  
  18  1:20  SCV  
  19  1:28  Reaper  
  20  1:33  SCV  
  21  1:40  Command Center  
  21  1:45  SCV  
  22  1:54  Factory  
  22  1:58  SCV  
  23  2:08  Barracks Reactor  
  23  2:12  Orbital Command  
  23  2:21  Supply Depot  
  23  2:26  Refinery  
  23  2:42  SCV  
  24  2:51  Supply Depot  
  24  2:52  Hellion x2  
  24  2:56  SCV  
  29  3:06  Orbital Command  
  29  3:08  SCV  
  29  3:22  Hellion  
  29  3:24  Armory  
  29  3:26  Hellion  
  34  3:27  SCV  
  34  3:33  SCV  
  34  3:34  Supply Depot  
  35  3:43  Hellion  
  35  3:44  SCV  
  35  3:47  Hellion  
  39  3:56  Supply Depot  
  39  3:58  Starport  
  39  4:02  Barracks Tech Lab  
  39  4:04  SCV  
  39  4:05  SCV  
  39  4:08  Hellion  
  43  4:12  Hellion  
  45  4:21  Engineering Bay  
  45  4:23  SCV  
  45  4:24  SCV  
  47  4:31  Supply Depot  
  47  4:33  Widow Mine x2  
  51  4:43  SCV x2  
  53  4:48  Missile Turret  
  53  4:51  Missile Turret  
  53  4:54  Refinery  
  53  4:56  Refinery  
  51  5:02  SCV x2  
  51  5:05  Cloaking Field, Banshee  
  51  5:06  Barracks Reactor  
  46  5:12  Supply Depot  
  46  5:14  SCV x2  
  48  5:22  Hellion x2  
  48  5:26  SCV x2  
  54  5:39  Command Center  
  54  5:42  SCV x2  
  56  5:44  Hellion  
  56  5:45  Hellion  
  56  5:49  Banshee  
  63  6:07  Hellion x2  
  67  6:12  SCV x2  
  69  6:19  Command Center  
  69  6:20  Supply Depot  
  69  6:22  Terran Vehicle And Ship Armor Level 1  
  69  6:28  Barracks Reactor  
  69  6:33  Starport  
  69  6:36  Viking  
  71  6:43  Supply Depot  
  63  6:52  Hellion x2  
  63  7:00  SCV x2  
  63  7:01  Factory  
  65  7:17  Hellion x2  
  65  7:21  Liberator x2  
  65  7:22  Liberator  
  78  7:43  SCV  
  78  7:44  SCV  
  80  7:52  Factory  
  80  7:56  Factory  
  80  7:57  SCV x2, Factory  
  82  7:58  Command Center  
  82  8:07  Planetary Fortress  
  82  8:13  Hellion  
  82  8:14  Hellion x2  
  82  8:15  Liberator x2  
  82  8:17  Liberator  
  97  8:26  Planetary Fortress  
  97  8:30  SCV x2  
  99  8:42  Factory Tech Lab x3  
  99  8:44  Hellion x4  
  107  8:51  Missile Turret  
  107  9:01  Missile Turret  
  107  9:03  Missile Turret x2  
  107  9:04  SCV  
  107  9:05  Sensor Tower  
  107  9:06  SCV x2  
  107  9:08  SCV  
  111  9:12  Missile Turret  
  111  9:16  SCV  
  112  9:18  SCV, Siege Tank  
  112  9:19  Siege Tank  
  112  9:20  SCV  
  120  9:28  Siege Tank  
  123  9:33  SCV  
  124  9:43  SCV, Refinery  
  124  9:44  SCV x2  
  124  9:45  Refinery  
  127  9:46  Orbital Command  
  127  9:50  Siege Tank  
  130  9:56  SCV  
  111  10:28  Siege Tank  
  111  10:29  Hellion x2, Siege Tank x2  
  111  10:30  Hellion  
  126  10:44  Drilling Claws  
  126  10:45  Infernal Pre-Igniter  
  126  10:46  Smart Servos  
  126  10:53  Factory, Command Center  
  126  10:55  Armory  
  126  10:57  Armory  
  126  10:59  SCV  
  126  11:00  Sensor Tower  
  126  11:01  Missile Turret  
  126  11:03  Siege Tank  
  132  11:04  Hellion  
  132  11:11  SCV  
  132  11:14  Hellion x2  
  132  11:16  Hellion  
  132  11:17  Hellion x2  
  143  11:26  SCV  
  143  11:30  SCV x2  
  143  11:32  Supply Depot  
  146  11:36  Supply Depot, Terran Vehicle And Ship Armor Level 2  
  146  11:38  SCV, Supply Depot  
  146  11:39  Supply Depot x2  
  147  11:44  Supply Depot  
  147  11:45  Starport  
  147  11:46  Fusion Core, Starport  
  145  11:50  SCV  
  146  11:54  Supply Depot  
  146  11:55  Siege Tank  
  146  11:56  Factory Tech Lab, Siege Tank  
  146  11:59  Terran Ship Weapons Level 1, Terran Vehicle Weapons Level 1  
  157  12:01  Widow Mine x2  
  157  12:03  Widow Mine x2  
  157  12:06  Supply Depot  
  157  12:11  Orbital Command  
  157  12:17  Refinery  
  157  12:20  Refinery  
  157  12:28  Hellion x4  
  157  12:29  Hellion x3  
  171  12:35  Hellion  
  167  12:37  Starport Tech Lab  
  167  12:38  Starport Tech Lab  
  167  12:44  Hellion x9  
  167  12:50  Hellion x3  
  170  12:54  Hellion  
  170  12:55  Hellion x3  
  177  13:03  Battlecruiser x3  
  193  13:07  Hellion  
  193  13:11  Hellion x2  
  189  13:56  Liberator x2  
  189  13:58  Hellion x2  
  173  14:33  Hellion  
  173  14:34  Hellion x7  
  171  14:55  Hellion x6  
  171  14:56  Hellion  
  171  14:58  Hellion  
  187  15:02  Command Center x2  
  187  15:16  Hellion x3  
  187  15:17  Hellion x3  
Show
View Real Time Build Order
Export as new Build Order

PrinceAbubu Zerg 

Build Orders: Hatch First 

Get SALT Encoding   

  12  0:00  Drone  
  13  0:08  Drone  
  14  0:15  Extractor  
  14  0:16  Drone  
  15  0:22  Overlord  
  15  0:42  Drone  
  16  0:48  Drone  
  17  0:50  Hatchery  
  17  0:53  Drone  
  17  0:59  Drone  
  18  1:07  Extractor  
  17  1:12  Spawning Pool  
  17  1:14  Drone  
  17  1:18  Drone  
  18  1:28  Drone  
  19  1:38  Drone  
  20  1:49  Drone  
  21  2:02  Queen x2  
  21  2:03  Zergling x4  
  27  2:12  Drone  
  27  2:14  Overlord  
  27  2:15  Metabolic Boost  
  27  2:33  Zergling x4  
  27  2:34  Zergling x2  
  30  2:38  Queen  
  32  2:53  Drone x4  
  36  3:11  Hatchery  
  35  3:24  Overlord  
  35  3:25  Overlord  
  35  3:35  Overlord  
  35  3:36  Overlord  
  35  3:37  Drone  
  36  3:42  Queen x2  
  40  3:51  Drone x9  
  47  4:19  Zergling x10  
  47  4:22  Queen  
  53  4:31  Zergling x2  
  53  4:32  Zergling x4  
  56  4:43  Queen  
  57  4:53  Zergling x2  
  57  4:54  Zergling x12  
  62  5:07  Zergling x10  
  67  5:25  Overlord x4  
  67  5:42  Queen  
  62  6:04  Zergling x18  
  62  6:05  Zergling x10  
  62  6:08  Baneling Nest  
  62  6:09  Lair  
  75  6:15  Drone x4  
  79  6:21  Extractor  
  78  6:34  Spine Crawler  
  77  6:46  Zergling x2  
  77  6:47  Zergling x28  
  75  6:56  Drone x4  
  75  7:00  Extractor  
  78  7:02  Drone x2  
  78  7:13  Spore Crawler  
  73  7:21  Overseer  
  72  7:23  Queen  
  72  7:25  Queen  
  73  7:41  Drone x8  
  73  7:42  Drone x4  
  85  8:03  Hatchery, Centrifugal Hooks  
  84  8:07  Drone x3  
  84  8:08  Drone x3, Evolution Chamber  
  84  8:09  Evolution Chamber  
  84  8:11  Extractor  
  87  8:14  Hatchery  
  87  8:18  Infestation Pit  
  85  8:39  Overlord x3  
  85  8:43  Drone  
  85  8:44  Drone  
  85  8:46  Zerg Melee Weapons Level 1  
  85  8:47  Zerg Ground Armor Level 1  
  85  9:36  Zergling x30  
  85  9:38  Queen, Hatchery  
  85  9:46  Extractor x2  
  85  9:49  Baneling x4  
  85  9:50  Baneling x14  
  83  9:53  Zergling x8  
  79  10:30  Drone x2  
  79  10:31  Drone x3  
  79  10:32  Drone  
  79  10:33  Baneling x26  
  79  10:34  Zergling x10  
  90  10:51  Zergling x12  
  90  10:54  Zerg Melee Weapons Level 2, Zerg Ground Armor Level 2  
  96  10:57  Hive  
  96  10:59  Hatchery  
  95  11:06  Drone x4  
  95  11:07  Drone x2  
  101  11:13  Spire  
  100  11:34  Hatchery  
  99  11:46  Zergling x6  
  99  11:47  Zergling x22  
  112  11:48  Queen  
  115  12:15  Hatchery  
  114  12:24  Spine Crawler  
  114  12:25  Spine Crawler x2  
  114  12:26  Spine Crawler  
  114  12:28  Spine Crawler x2  
  72  13:35  Zergling x4  
  72  13:36  Zergling x82  
  113  13:44  Drone x2  
  112  13:52  Zergling x2  
  112  13:53  Zergling x14  
  117  14:01  Greater Spire  
  117  14:08  Baneling  
  117  14:09  Baneling x13  
  117  14:10  Baneling x5  
  117  14:11  Baneling x4  
  117  14:16  Baneling x20  
  106  14:35  Drone x14  
  115  14:46  Corruptor x4  
  115  14:52  Corruptor x2  
  117  15:01  Corruptor  
  117  15:21  Corruptor  
  120  15:29  Overlord  
  120  15:30  Overlord x3  
Tags
 
Add a new tag
Caveats
  • Supply blocks, unpowered buildings, or Contaminate may cause inaccurate times.
  • Supply counts are checked every 10 seconds.